 Dungeon Crawl Stone Soup version 0.32-a0-422-g28b100f (webtiles) character file.

Game seed: 9235049111114452079

562003 alstnccchl the Slayer (level 26, 0/236 HPs)
             Began as a Coglin Gladiator on Feb 20, 2024.
             Was a High Priest of Wu Jian.
             Slain by a storm dragon (6 damage)
             ... on level 2 of the Realm of Zot on Feb 21, 2024.
             The game lasted 04:24:18 (70984 turns).

alstnccchl the Slayer (Coglin Gladiator)           Turns: 70984, Time: 04:24:18

Health: 0/236      AC: 41    Str: 21      XL:     26   Next: 5%
Magic:  32/33      EV: 26    Int:  7 (8)  God:    Wu Jian [*****.]
Gold:   4305       SH:  0    Dex: 24      Spells: 25/25 levels left

rFire   + . .        e - +9 eudemon blade (holy) {Etelvina}
rCold   + + .        n - +9 scimitar (spect) {Gurmehar}
rNeg    + + .        m - +12 gold dragon scales
rPois   +            x - +3 hat of Pondering {ponderous, Will+ MP+10 Int+5}
rElec   +            W - scarf {shadows}
rCorr   .            T - +1 pair of gloves
SInv    +            E - +2 pair of boots {Fly}
Will    +++++        S - macabre finger necklace {Finger+ rN+} Stlth
                     w - ring of the Bedazzling Gods {rPois Will+}
HPRegen 0.59/turn    M - ring "Kopt" {Fly rElec rN+ Int-4 Slay+3}
MPRegen 0.23/turn    z - ring of Qiuppes {Will+ SInv}

%: no passive effects
@: in a heavenly storm, flying, very slightly contaminated, glowing, studying
Fire Magic, revved, slow
A: off-hand wielding, slow wielding, warmup strikes, legs shutdown, cold
resistance 1, deterioration 1, strong-willed 1, mutation resistance 1, strong 1
}: 4/15 runes: decaying, slimy, silver, gossamer
a: Renounce Religion, Wall Jump, Serpent's Lash, Heavenly Storm


You were on level 2 of the Realm of Zot.
You worshipped Wu Jian.
Wu Jian was extremely pleased with you.
You visited 11 branches of the dungeon, and saw 50 of its levels.
You visited the Abyss 1 time.
You also visited: Sewer, Bailey and Ice Cave.

You collected 8945 gold pieces.
You spent 4640 gold pieces at shops.

Inventory:

Hand Weapons
 e - a +9 eudemon blade of holy wrath (weapon) {Etelvina}
 n - a +9 spectral scimitar (offhand) {Gurmehar}
Missiles
 d - 4 throwing nets (quivered) {!f}
Armour
 m - +12 gold dragon scales (worn)
 x - the +3 hat of Pondering (worn) {ponderous, Will+ MP+10 Int+5}
   (You took it off Gastronok on level 2 of the Lair of Beasts)

   Int+5:     It affects your intelligence (+5).
   Will+:     It increases your willpower.
   MP+10:     It affects your magic capacity (+10).
 E - a +2 pair of boots of flying (worn)
 T - a +1 pair of gloves (worn)
 W - a scarf of shadows (worn)
Jewellery
 a - the amulet "Uleipot" {Spirit rElec Regen+}
   (You acquired it on level 1 of the Spider Nest)

   [amulet of guardian spirit]

   Spirit:    It causes incoming damage to be divided between your reserves of
   health and magic.
   rElec:     It insulates you from electricity.
   Regen+:    It increases your rate of health regeneration.
 p - a ring of protection from cold
 r - a ring of protection from fire
 w - the ring of the Bedazzling Gods (left grasper) {rPois Will+}
   (You took it off a goblin on level 2 of the Dungeon)

   [ring of poison resistance]

   rPois:     It protects you from poison Will+: It increases your willpower.
 z - the ring of Qiuppes (on amulet) {Will+ SInv}
   (You bought it in a shop on level 2 of the Depths)

   [ring of willpower]

   Will+:     It increases your willpower.
   SInv:      It lets you see invisible.
 M - the ring "Kopt" (right grasper) {Fly rElec rN+ Int-4 Slay+3}
   (You found it on level 4 of the Depths)

   [ring of flight]

   Int-4:     It affects your intelligence (-4).
   Slay+3:    It affects your accuracy & damage with ranged weapons and melee
   (+3).
   rElec:     It insulates you from electricity.
   rN+:       It protects you from negative energy.
   Fly:       It grants you flight.
 N - a ring of resist corrosion
 S - the macabre finger necklace (around neck) {Finger+ rN+}
   (You took it off a deep elf death mage on level 3 of the Elven Halls)

   [amulet of nothing]

   Finger+:   It enables you to equip an extra ring.
   rN+:       It protects you from negative energy.
Wands
 b - a wand of iceblast (56)
 o - a wand of polymorph (13)
 B - a wand of light (12)
 I - a wand of mindburst (6)
 P - a wand of flame (71)
 R - a wand of digging (16)
Scrolls
 j - 5 scrolls of poison
 t - 4 scrolls of enchant weapon
 u - 2 scrolls of brand weapon
 v - 21 scrolls of teleportation {!r}
 y - 9 scrolls of revelation {!r}
 D - 6 scrolls of fear {!r}
 F - 5 scrolls of silence {!r}
 K - 9 scrolls of fog {!r}
 Q - 9 scrolls of amnesia
 Y - 5 scrolls of torment
Potions
 c - 3 potions of invisibility {!q}
 f - 5 potions of cancellation {!q}
 g - 8 potions of brilliance {!q}
 h - 5 potions of lignification {!q}
 i - 8 potions of might {!q}
 k - 17 potions of ambrosia {!q}
 q - 21 potions of curing {!q}
 A - 7 potions of enlightenment {!q!q}
 C - 5 potions of attraction
 H - 2 potions of mutation
 J - 5 potions of magic {!q}
 L - 9 potions of haste {!q}
 O - 6 potions of heal wounds {!q}
 U - 7 potions of berserk rage {!q}
 V - 7 potions of resistance {!q}
Miscellaneous
 l - a sack of spiders (inert)
 G - a phial of floods
 X - a phantom mirror
 Z - a lightning rod (4/4)


   Skills:
 + Level 25.4 Fighting
 - Level 22.0 Long Blades
 - Level 1.7 Throwing
 - Level 15.0 Armour
 + Level 23.2 Dodging
 - Level 15.0 Evocations


You had 25 spell levels left.
You didn't know any spells.
Your spell library contained the following spells:

 Spells                   Type           Power      Damage    Failure   Level
 Apportation              Tloc           0%         N/A       100%        1
 Freeze                   Ice            0%         1d3       100%        1
 Kiss of Death            Conj/Necr      0%         2d5       100%        1
 Magic Dart               Conj           0%         1d3       100%        1
 Necrotise                Necr           0%         1d4       100%        1
 Sandblast                Erth           0%         2d4       100%        1
 Slow                     Hex            0%         N/A       100%        1
 Sting                    Conj/Alch      0%         1d3       100%        1
 Summon Small Mammal      Summ           0%         N/A       100%        1
 Blink                    Tloc           0%         N/A       100%        2
 Call Imp                 Summ           0%         N/A       100%        2
 Cigotuvi's Dreadful Rot  Necr/Alch/Air  0%         N/A       100%        2
 Ensorcelled Hibernation  Hex/Ice        0%         N/A       100%        2
 Jinxbite                 Hex            0%         N/A       100%        2
 Lesser Beckoning         Tloc           0%         N/A       100%        2
 Mercury Vapours          Alch/Air       0%         N/A       100%        2
 Momentum Strike          Conj/Tloc      0%         3d8       100%        2
 Scorch                   Fire           0%         2d5       100%        2
 Searing Ray              Conj           0%         2d4       100%        2
 Sublimation of Blood     Necr           0%         N/A       100%        2
 Call Canine Familiar     Summ           0%         N/A       100%        3
 Confusing Touch          Hex            0%         N/A       100%        3
 Dazzling Flash           Conj/Hex       0%         N/A       100%        3
 Frozen Ramparts          Ice            0%         1d1       100%        3
 Fugue of the Fallen      Necr           0%         N/A       100%        3
 Hailstorm                Conj/Ice       0%         3d5       100%        3
 Inner Flame              Hex/Fire       0%         N/A       100%        3
 Mephitic Cloud           Conj/Alch/Air  0%         N/A       100%        3
 Ozocubu's Armour         Ice            0%         N/A       100%        3
 Passwall                 Erth           0%         N/A       100%        3
 Sigil of Binding         Hex            0%         N/A       100%        3
 Stone Arrow              Conj/Erth      0%         3d7       100%        3
 Summon Ice Beast         Ice/Summ       0%         N/A       100%        3
 Swiftness                Air            0%         N/A       100%        3
 Tukima's Dance           Hex            0%         N/A       100%        3
 Vampiric Draining        Necr           0%         2d6       100%        3
 Volatile Blastmotes      Fire/Tloc      0%         2d10      100%        3
 Anguish                  Hex/Necr       0%         N/A       100%        4
 Animate Armour           Summ/Erth      0%         N/A       100%        4
 Animate Dead             Necr           0%         N/A       100%        4
 Brom's Barrelling Bould  Conj/Erth      0%         2d3       100%        4
 Dimensional Bullseye     Hex/Tloc       0%         N/A       100%        4
 Dispel Undead            Necr           0%         3d6       100%        4
 Flame Wave               Conj/Fire      0%         2d4       100%        4
 Iskenderun's Mystic Bla  Conj/Tloc      0%         2d3       100%        4
 Leda's Liquefaction      Alch/Erth      0%         N/A       100%        4
 Martyr's Knell           Necr/Summ      0%         N/A       100%        4
 Passage of Golubria      Tloc           0%         N/A       100%        4
 Petrify                  Alch/Erth      0%         N/A       100%        4
 Sticky Flame             Fire/Alch      0%         2d4       100%        4
 Vhi's Electric Charge    Tloc/Air       0%         N/A       100%        4
 Alistair's Intoxication  Alch           0%         N/A       100%        5
 Borgnjor's Vile Clutch   Necr/Erth      0%         N/A       100%        5
 Fireball                 Conj/Fire      0%         3d3       100%        5
 Freezing Cloud           Conj/Ice/Air   0%         6-21      100%        5
 Irradiate                Conj/Alch      0%         3d11      100%        5
 Iskenderun's Battlesphe  Conj           0%         2d6       100%        5
 Lee's Rapid Deconstruct  Erth           0%         3d4*      100%        5
 Metabolic Englaciation   Hex/Ice        0%         N/A       100%        5
 Summon Forest            Summ/Tloc      0%         N/A       100%        5
 Summon Mana Viper        Hex/Summ       0%         N/A       100%        5
 Yara's Violent Unravell  Hex/Alch       0%         3d3       100%        5
 Bombard                  Conj/Erth      0%         9d1       100%        6
 Conjure Ball Lightning   Conj/Air       0%         3x3d6     100%        6
 Death Channel            Necr           0%         N/A       100%        6
 Eringya's Noxious Bog    Alch           0%         4d6       100%        6
 Sculpt Simulacrum        Ice/Alch       0%         N/A       100%        6
 Starburst                Conj/Fire      0%         6d3       100%        6
 Summon Cactus Giant      Summ           0%         N/A       100%        6
 Haunt                    Necr/Summ      0%         N/A       100%        7
 Monstrous Menagerie      Summ           0%         N/A       100%        7
 Orb of Destruction       Conj           0%         9d5       100%        7
 Summon Hydra             Summ           0%         N/A       100%        7
 Borgnjor's Revivificati  Necr           0%         N/A       100%        8
 Discord                  Hex            0%         N/A       100%        8
 Disjunction              Tloc           0%         N/A       100%        8
 Ignition                 Fire           0%         3d3       100%        8
 Lehudib's Crystal Spear  Conj/Erth      0%         10d2      100%        8
 Maxwell's Capacitive Co  Air            0%         ∞         100%        8
 Death's Door             Necr           0%         N/A       100%        9


Dungeon Overview and Level Annotations

Branches:
Dungeon (15/15)            Temple (1/1) D:6            Lair (5/5) D:8
  Swamp (4/4) Lair:3       Spider (4/4) Lair:3        Slime (5/5) Lair:4
    Orc (2/2) D:12            Elf (3/3) Orc:2        Vaults (5/5) D:13
  Crypt (0/3) Vaults:2     Depths (4/4) D:15            Zot (2/5) Depths:4
  Sewer (visited)          Bailey (visited)           IceCv (visited)

Altars:
Ashenzari
Cheibriados
Dithmenos
Elyvilon
Fedhas
Gozag
Hepliaklqana
Kikubaaqudgha
Makhleb
Nemelex Xobeh
Okawaru
Qazlal
Ru
Sif Muna
Trog
Uskayaw
Vehumet
Wu Jian
Xom
Yredelemnul
Zin
The Shining One
Beogh
Jiyva
Lugonu

Shops:
D:6 :   D:13 [   Orc:2 :*[(   Elf:3 ?   Depths:2 *

Portals:
Hell: Depths:1 Depths:2 Depths:3 Depths:4
Abyss: Depths:3
Pandemonium: Depths:2 Depths:3
Ziggurat: Depths:4

Annotations:
Depths:2 2 runed translucent doors, Kushrenon's ghost, master DsHW
Depths:4 3 runed translucent doors, Jefa's ghost, veteran MiFE


Innate Abilities, Weirdness & Mutations

You can wield a second weapon in your off-hand.
It takes a long time for you to wield or remove held weapons.
Your first few attacks do less damage.
Attacking and casting redirects power from your legs.
Your flesh is cold resistant. (rC+)
Your body sometimes deteriorates upon taking damage.
You are strong-willed. (Will+)
You are somewhat resistant to further mutation.
Your muscles are strong. (Str +4, Int/Dex -1)


Message History

The black draconian knight misses you.
The spark wasp barely misses your jumping spider.
The storm dragon completely misses you. The storm dragon misses you.
The storm dragon completely misses you.
Your steelbarb worm hits the storm dragon.
The storm dragon is skewered by barbed spikes.
Unknown command.
There is nothing to wall jump against here.
You open the storm dragon like a pillowcase with your +9 spectral scimitar!!!
The storm dragon is severely wounded.
You slash the storm dragon with your +9 eudemon blade of holy wrath!
The spark wasp stings your jumping spider!
The spark wasp shocks your jumping spider!
The storm dragon bites your steelbarb worm!
The storm dragon closely misses your steelbarb worm.
The storm dragon tramples your steelbarb worm.
Your steelbarb worm holds its ground!
Your jumping spider pounces on the spark wasp but does no damage.
Your jumping spider bites the spark wasp.
The black draconian knight misses you.
You are no longer unable to travel.
The spark wasp stings your jumping spider!!
Your jumping spider dies!
Your jumping spider's corpse disappears in a puff of smoke!
Your steelbarb worm barely misses the storm dragon.
The storm dragon barely misses you.
The storm dragon claws you but does no damage.
The storm dragon tramples you but does no damage.
The black draconian knight hits you but does no damage.
The spark wasp stings you!!
* * * LOW HITPOINT WARNING * * *
The spark wasp shocks you. You resist.
* * * LOW HITPOINT WARNING * * *
The storm dragon bites your steelbarb worm but does no damage.
The storm dragon claws your steelbarb worm!
The storm dragon tramples your steelbarb worm.
Your steelbarb worm holds its ground!
The storm dragon completely misses you.
The storm dragon claws you but does no damage.
The storm dragon tramples you.
You die...

#########...##
##..>## ##...##
##...# ##...##
##..# ##...##
#..# ##...##
#### ##...#
###### ##..#
#?[!☼○### #..#
....☼y@w## #..#
.....°qDD°###..#
..#####dd☼.##..#
.#....d#☼☼.##..#
#...../.#..##..#
........D#.#...#
.......q†.##...#
..........'....#
..........##...#


You could see a black draconian knight (fast), 2 storm dragons, a black
draconian, a red draconian, a spark wasp (fast, strong) and a friendly steelbarb
worm (summoned).

Vanquished Creatures
  the Royal Jelly (Slime:5)
  Dissolution (Slime:5)
  Frederick (Vaults:5)
  2 dread liches (Vaults:5)
  2 ancient liches
  Mara (Depths:3)
  Mennas (Depths:3)
  Xtahua (Vaults:4)
  Bai Suzhen (Vaults:4)
  Boris (Vaults:5)
  the Lernaean hydra (Swamp:4)
  Parghit (Depths:3)
  Margery (Depths:3)
  2 caustic shrikes (Depths:4)
  Nikola (Spider:1)
  4 golden dragons
  A bone dragon (Depths:4)
  An electric golem (Zot:2)
  A Hell Sentinel (Abyss:2)
  Jorgrun (D:15)
  3 liches
  9 tentacled monstrosities
  A walking earthen tome (Depths:4)
  3 titans
  3 deep elf blademasters
  2 deep elf master archers (Elf:3)
  2 quicksilver dragons
  A searing wretch (Depths:3)
  22 acid blobs
  An ancient champion (Depths:2)
  3 tentacled starspawn (Abyss:2)
  9 sphinxes
  Gastronok (Lair:2)
  The ghost of gb0801 the Warrior, an adept DrSh of Ru (Swamp:2)
  Agnes (Spider:3)
  8 shadow dragons
  3 storm dragons
  4 tengu reavers
  11 rockslimes
  2 fire giants
  A fenstrider witch (Swamp:1)
  4 draconian monks
  14 azure jellies
  3 iron dragons
  12 frost giants
  2 draconian knights
  2 deep elf sorcerers (Vaults:5)
  A balrug (Depths:3)
  2 emperor scorpions (Spider:4)
  2 ghost moths
  15 vault wardens
  3 draconian scorchers (Zot:1)
  6 protean progenitors
  4 deep elf elementalists (Elf:3)
  2 broodmothers
  2 draconian stormcallers
  14 ironbound preservers
  3 orc warlords
  A cacodemon (Depths:3)
  3 spriggan defenders
  12 stone giants
  3 ghouls (Swamp:4)
  7 ironbound thunderhulks
  A draconian annihilator (Zot:1)
  2 vampire knights
  19 very ugly things
  14 quicksilver oozes
  4 formless jellyfish
  5 green draconians
  5 deep elf demonologists
  Nessos (D:13)
  6 eleionomae
  8 deep elf annihilators
  4 war gargoyles
  4 yellow draconians
  4 purple draconians
  14 dire elephants
  7 deep elf death magi
  4 red draconians
  4 black draconians
  Snorg (D:10)
  5 bunyips
  A lorocyproca (Abyss:2)
  5 spark wasps
  3 white draconians (Zot:1)
  3 blizzard demons
  A crystal guardian (Vaults:3)
  A green death (Abyss:2)
  6 fire dragons
  8 ettins
  A shambling mangrove (Swamp:4)
  18 yaktaur captains
  4 deep elf high priests
  6 entropy weavers
  4 great orbs of eyes
  4 ice dragons
  3 peacekeepers
  6 spriggan air magi
  Erolcha (D:10)
  A rakshasa (Depths:1)
  3 jorogumos
  3 caustic shrike simulacra (IceCv)
  20 hydras
  9 ironbound frosthearts
  An ogre mage (Vaults:5)
  The ghost of Dega the Slicer, a journeyman DsFi of Qazlal (D:10)
  An anaconda (Swamp:3)
  29 vault guards
  A ghost crab (Swamp:4)
  12 boulder beetles
  5 radroaches
  10 alligators
  21 dancing weapons
  7 two-headed ogres
  10 centaur warriors
  8 deep troll shamans
  6 deep troll earth magi
  7 demonic crawlers
  2 vampire magi
  3 orc high priests
  4 spriggan berserkers
  5 tengu warriors
  A thrashing horror (Abyss:2)
  A shock serpent (shapeshifter) (Elf:1)
  Amaemon (Lair:1)
  21 deep elf knights
  8 hell knights
  A skyshark (Lair:5)
  A shadow wraith (Vaults:5)
  4 iron trolls
  7 pharaoh ants
  6 skeletal warriors
  Lodul (D:10)
  A bunyip zombie (Swamp:1)
  3 spriggan druids
  6 goliath frogs
  46 deep trolls
  11 arcanists
  3 flayed ghosts
  8 swamp dragons
  12 spriggan simulacra (IceCv)
  A sea snake (shapeshifter) (Vaults:2)
  A glowing orange brain (Vaults:3)
  3 sun moths
  14 orc knights
  2 obsidian statues
  7 lindwurms
  A mana viper (shapeshifter) (Vaults:5)
  15 ironbound convokers
  13 deep elf archers
  3 orb spiders
  A phantasmal warrior (Vaults:5)
  An alligator zombie (Swamp:1)
  18 bog bodies
  3 starcursed masses (Abyss:2)
  A wolf spider (shapeshifter) (Depths:3)
  7 steelbarb worms
  8 shining eyes
  2 fauns (shapeshifter)
  4 harpies (Vaults:5)
  3 large abominations (Abyss:2)
  4 necromancers
  5 orc sorcerers (Orc:2)
  27 deep elf pyromancers
  The ghost of CumLord the Shield-Bearer, a novice FoFi of Beogh (D:5)
  21 deep elf zephyrmancers
  4 will-o-the-wisps
  21 wolf spiders
  35 ugly things
  A shadow dragon skeleton (Abyss:2)
  15 moths of wrath
  5 oklob plants (Lair:4)
  6 cyclopes
  A moth of wrath (shapeshifter) (Vaults:5)
  3 manticores
  A rust devil (Depths:2)
  5 elephants (Lair:4)
  7 meliai
  96 slime creatures
  12 black mambas
  28 cane toads
  A water nymph (shapeshifter) (Vaults:4)
  17 vault sentinels
  A gargoyle (D:12)
  7 torpor snails
  An orange demon (Lair:1)
  An eye of devastation (Slime:4)
  7 kobold blastminers
  A centaur skeleton (Abyss:2)
  4 smoke demons
  A rime drake (Lair:2)
  A cane toad (shapeshifter) (Elf:2)
  An unseen horror (D:13)
  28 yaktaurs
  A rime drake (shapeshifter) (Elf:3)
  An efreet (Abyss:2)
  3 tengu conjurers
  5 komodo dragons
  4 ancient zymes (Abyss:2)
  A bunyip simulacrum (Swamp:1)
  3 anaconda simulacra (IceCv)
  7 ice devils (IceCv)
  4 freezing wraiths
  16 tarantellas
  A merfolk (shapeshifter) (Elf:1)
  A hellwing (Abyss:2)
  5 trolls
  A bloated husk (Swamp:2)
  A queen bee (D:10)
  12 tyrant leeches
  20 blink frogs
  An alligator simulacrum (IceCv)
  9 hornets
  4 glass eyes
  A dream sheep (Lair:4)
  17 jumping spiders
  5 air elementals
  A shadow (D:9)
  3 wyverns
  A culicivora (shapeshifter) (Depths:3)
  19 culicivoras
  A dire elephant simulacrum (IceCv)
  13 spriggans
  3 ynoxinuls
  7 wraiths
  A yak (shapeshifter) (Elf:1)
  2 vampires
  4 basilisks
  A golden eye (Slime:5)
  39 yaks
  3 water elementals (Elf:1)
  38 redbacks
  5 vampire mosquitoes (Lair:5)
  3 wargs
  13 fire bats (D:14)
  A fire elemental (Elf:1)
  6 minotaur simulacra (IceCv)
  A chaos spawn (Abyss:2)
  2 steam dragons (D:9)
  11 swamp worms
  A hydra simulacrum (Swamp:1)
  16 water moccasins
  45 orc warriors
  A swamp dragon zombie (Swamp:1)
  9 swamp drakes
  2 black bears
  10 wolves
  2 laughing skulls (D:13)
  20 ogres
  4 boggarts (D:15)
  A phantom (D:6)
  19 centaurs
  11 kobold brigands
  A weeping skull (D:15)
  2 brain worms (Sewer)
  19 bullfrogs
  2 gnoll sergeants
  6 earth elementals
  10 deep troll simulacra (IceCv)
  5 scorpions
  A small abomination (Abyss:2)
  2 lindwurm simulacra (IceCv)
  40 killer bees
  A swamp dragon simulacrum (Swamp:1)
  6 howler monkeys
  10 electric eels
  4 hounds
  A bombardier beetle (D:6)
  A jelly (D:7)
  28 orc priests
  2 gnoll boudas
  2 sleepcaps
  Natasha (twice) (D:2)
  5 iguanas
  37 orc wizards
  14 gnolls
  15 adders
  2 river rats (Sewer)
  A shadow imp (D:9)
  A white imp (Abyss:2)
  An ufetubus (Abyss:2)
  3 dart slugs
  A ribbon worm (D:6)
  108 orcs
  10 endoplasms
  A giant cockroach (D:1)
  10 goblins
  10 hobgoblins
  5 jackals
  38 kobolds
  5 quokkas
  14 ball pythons
  74 bats
  8 frilled lizards
  7 rats
  A spectral orc (D:15)
  5 aspiring fleshes (Zot:1)
  2 butterflies (Lair:3)
  3 starspawn tentacles (Abyss:2)
2177 creatures vanquished.

Vanquished Creatures (collateral kills)
  A crystal guardian (Vaults:3)
  An orc knight (Vaults:2)
  A minotaur simulacrum (IceCv)
  An orc warrior (Vaults:2)
4 creatures vanquished.

Vanquished Creatures (others)
  A quicksilver dragon (Zot:2)
  An ogre mage (D:15)
  A yaktaur (Vaults:2)
  4 bloated husks
  A jumping spider (Spider:3)
  8 foxfires
  86 spectral weapons
  5 starspawn tentacles (Abyss:2)
107 creatures vanquished.

Grand Total: 2288 creatures vanquished

Notes
Turn   | Place    | Note
-------+----------+-------------------------------------------
     0 | D:1      | alstnccchl the Coglin Gladiator began the quest for the
                  | Orb.
     0 | D:1      | Reached XP level 1. HP: 16/16 MP: 1/1
   115 | D:1      | Reached XP level 2. HP: 23/23 MP: 2/2
   299 | D:1      | Reached skill level 3 in Fighting
   299 | D:1      | Reached XP level 3. HP: 21/29 MP: 3/3
   916 | D:2      | Identified the ring of the Bedazzling Gods {rPois Will+}
   939 | D:2      | Reached XP level 4. HP: 35/35 MP: 4/4
  1102 | D:2      | Noticed Natasha
  1104 | D:2      | Killed Natasha
  1105 | D:2      | Reached skill level 4 in Fighting
  1128 | D:2      | Reached XP level 5. HP: 37/42 MP: 5/5
  1265 | D:2      | Noticed Natasha
  1276 | D:2      | Killed Natasha
  1656 | D:3      | Reached skill level 5 in Fighting
  1656 | D:3      | Reached XP level 6. HP: 30/51 MP: 6/6
  2217 | D:3      | Found a faded altar of an unknown god.
  2335 | D:3      | Reached skill level 5 in Long Blades
  3369 | D:4      | Reached XP level 7. HP: 47/56 MP: 7/7
  3816 | D:5      | Entered Level 5 of the Dungeon
  4058 | D:5      | Found a sacrificial altar of Ru.
  4303 | D:5      | Found a large runed translucent door.
  4303 | D:5      | Found a large runed translucent door.
  4306 | D:5      | Noticed CumLord's ghost (novice FoFi)
  4548 | D:5      | Reached XP level 8. HP: 42/62 MP: 8/8
  5268 | D:6      | Found Luum's Tiny Tomes.
  5525 | D:6      | Reached skill level 10 in Long Blades
  5546 | D:6      | Found a glowing drain.
  5550 | Sewer    | Entered a sewer
  5823 | Sewer    | Reached XP level 9. HP: 63/68 MP: 7/9
  6642 | D:6      | Found a staircase to the Ecumenical Temple.
  6669 | Temple   | Entered the Ecumenical Temple
  6713 | Temple   | Became a worshipper of the Wu Jian Council
  8539 | D:8      | Reached skill level 1 in Armour
  9085 | D:9      | Noticed a two-headed ogre
  9095 | D:9      | Killed a two-headed ogre
  9096 | D:9      | Reached skill level 6 in Fighting
  9096 | D:9      | Reached XP level 10. HP: 56/77 MP: 10/10
  9163 | D:9      | Reached * piety under Wu Jian
  9308 | D:9      | Found a flagged portal.
  9312 | D:9      | Reached skill level 5 in Dodging
  9346 | Bailey   | Entered a bailey
  9428 | Bailey   | Reached skill level 7 in Fighting
  9812 | Bailey   | Found an iron altar of Okawaru.
  9987 | D:9      | Reached skill level 5 in Armour
 10001 | D:9      | Reached ** piety under Wu Jian
 10006 | D:9      | Reached skill level 8 in Fighting
 10262 | D:10     | Entered Level 10 of the Dungeon
 10431 | D:10     | Noticed Erolcha
 10440 | D:10     | Reached skill level 9 in Fighting
 10454 | D:10     | Reached XP level 11. HP: 89/89 MP: 11/11
 10464 | D:10     | Killed Erolcha
 10465 | D:10     | Reached skill level 10 in Fighting
 10557 | D:10     | Noticed Snorg
 10577 | D:10     | Killed Snorg
 10760 | D:10     | Reached *** piety under Wu Jian
 11030 | D:10     | Noticed Lodul
 11066 | D:10     | Killed Lodul
 11312 | D:10     | Found a runed translucent door.
 11314 | D:10     | Noticed a frost giant
 11314 | D:10     | Noticed Dega's ghost (journeyman DsFi)
 11430 | D:10     | Found a shimmering altar of Xom.
 11621 | D:10     | Noticed a two-headed ogre
 11629 | D:10     | Killed a two-headed ogre
 11901 | D:11     | Found an ancient bone altar of Kikubaaqudgha.
 12412 | D:11     | Noticed a two-headed ogre
 12431 | D:11     | Killed a two-headed ogre
 12436 | D:11     | Reached **** piety under Wu Jian
 12575 | D:11     | Noticed a brown ugly thing
 12598 | D:11     | Killed a brown ugly thing
 12778 | D:11     | Reached XP level 12. HP: 97/97 MP: 12/12
 13805 | D:8      | Found a staircase to the Lair.
 14257 | Lair:1   | Entered Level 1 of the Lair of Beasts
 14619 | Lair:1   | Noticed Amaemon
 14633 | Lair:1   | Killed Amaemon
 15387 | Lair:2   | Reached skill level 1 in Evocations
 15560 | Lair:2   | Noticed Gastronok
 15593 | Lair:2   | Killed Gastronok
 16114 | Lair:2   | Reached ***** piety under Wu Jian
 16259 | Lair:2   | Reached skill level 10 in Dodging
 16259 | Lair:2   | Reached XP level 13. HP: 103/103 MP: 13/13
 16263 | Lair:3   | Reached skill level 15 in Long Blades
 16441 | Lair:3   | Reached skill level 5 in Evocations
 16666 | Lair:3   | Found a hole to the Spider Nest.
 17017 | Lair:3   | Found a staircase to the Swamp.
 17017 | Lair:3   | Noticed an eleionoma
 17024 | Lair:3   | Killed an eleionoma
 18431 | Lair:4   | Found a viscous altar of Jiyva.
 18432 | Lair:4   | Found a staircase to the Slime Pits.
 18938 | Lair:5   | Entered Level 5 of the Lair of Beasts
 20236 | Lair:5   | Reached skill level 11 in Fighting
 20236 | Lair:5   | Reached XP level 14. HP: 113/113 MP: 14/14
 22162 | D:12     | Found a staircase to the Orcish Mines.
 22422 | D:12     | Reached skill level 12 in Fighting
 22783 | Orc:1    | Entered Level 1 of the Orcish Mines
 23465 | Orc:2    | Entered Level 2 of the Orcish Mines
 24110 | Orc:2    | Found a staircase to the Elven Halls.
 24268 | Orc:2    | Reached ****** piety under Wu Jian
 25016 | Orc:2    | Reached XP level 15. HP: 103/122 MP: 15/15
 25121 | Orc:1    | Found a roughly hewn altar of Beogh.
 25325 | Orc:2    | Noticed an orc warlord
 25333 | Orc:2    | Killed an orc warlord
 25485 | Orc:2    | Found Etivaty's Antique Armour Shop.
 25486 | Orc:2    | Found Qapuiph's Antique Weapon Shop.
 25487 | Orc:2    | Found Duepnum's General Store.
 25487 | Orc:2    | Found Xebig's Book Boutique.
 25503 | Orc:2    | Bought a scroll of identify for 26 gold pieces
 25503 | Orc:2    | Bought a scroll of identify for 26 gold pieces
 25503 | Orc:2    | Bought a scroll of poison for 52 gold pieces
 25701 | D:13     | Found a gate to the Vaults.
 26150 | D:13     | Reached skill level 13 in Fighting
 26203 | D:13     | Noticed Nessos
 26878 | D:13     | Found Qaalogoi's Armour Shoppe.
 27176 | D:13     | Killed Nessos
 28159 | D:14     | Found a runed translucent door.
 28164 | D:14     | Found a white marble altar of Elyvilon.
 28182 | D:14     | Found a glowing golden altar of the Shining One.
 28197 | D:14     | Found a hazy altar of Hepliaklqana.
 28208 | D:14     | Reached skill level 10 in Armour
 28215 | D:14     | Found a shimmering altar of Xom.
 28303 | D:14     | Found a basalt altar of Yredelemnul.
 28350 | D:14     | Found a sparkling altar of Nemelex Xobeh.
 28394 | D:14     | Identified the +5 spear "Tudyij" {freeze, Dex+3}
 28783 | D:15     | Entered Level 15 of the Dungeon
 28783 | D:15     | Noticed Jorgrun
 28792 | D:15     | Killed Jorgrun
 28906 | D:15     | Reached skill level 14 in Fighting
 29449 | D:15     | Found a basalt altar of Yredelemnul.
 29930 | D:15     | Found a staircase to the Depths.
 29935 | D:15     | Reached XP level 16. HP: 131/134 MP: 16/16
 30152 | D:10     | Killed Dega's ghost
 31201 | Spider:1 | Entered Level 1 of the Spider Nest
 31375 | Spider:1 | You fall into a shaft and drop 1 floor!
 31488 | Spider:2 | Identified the +1 long sword "Burucu" {drain, *Noise rF+
                  | Will+ rCorr}
 31555 | Spider:1 | Identified 2 scrolls of acquirement
 31555 | Spider:1 | Acquired a +1 demon blade of draining
 31556 | Spider:1 | Acquired the amulet "Uleipot" {Spirit rElec Regen+}
 31607 | Spider:1 | Noticed Nikola
 31621 | Spider:1 | Killed Nikola
 31622 | Spider:1 | Reached skill level 15 in Fighting
 31912 | Spider:1 | Reached skill level 15 in Dodging
 32380 | Spider:2 | Upgraded the game from 0.32-a0-417-g42da790 to
                  | 0.32-a0-422-g28b100f
 33173 | Spider:3 | Noticed Agnes
 33179 | Spider:3 | Killed Agnes
 33637 | Spider:3 | Reached XP level 17. HP: 118/143 MP: 13/17
 34021 | Spider:3 | Reached skill level 10 in Evocations
 34582 | Spider:4 | Entered Level 4 of the Spider Nest
 34585 | Spider:4 | Reached skill level 16 in Fighting
 35171 | Spider:4 | Got a gossamer rune of Zot
 35488 | Swamp:1  | Entered Level 1 of the Swamp
 35767 | Swamp:1  | Reached skill level 17 in Fighting
 36519 | Swamp:2  | Reached XP level 18. HP: 145/155 MP: 16/18
 37053 | Swamp:2  | Found a runed translucent gate.
 37053 | Swamp:2  | Found a runed translucent gate.
 37053 | Swamp:2  | Found a runed translucent gate.
 37059 | Swamp:2  | Noticed gb0801's ghost (adept DrSh)
 37201 | Swamp:2  | Killed gb0801's ghost
 37251 | Swamp:3  | Noticed a tentacled monstrosity
 37254 | Swamp:3  | Killed a tentacled monstrosity
 37962 | Swamp:4  | Entered Level 4 of the Swamp
 38053 | Swamp:4  | Reached skill level 18 in Fighting
 38520 | Swamp:4  | Found a glacial archway.
 38528 | IceCv    | Entered an ice cave
 38949 | IceCv    | Identified the +4 ring mail "Wihuf" {Harm Will+ Dex+3}
 40059 | IceCv    | Identified the +4 rapier of Pusmautro {flame, rF+ Int+3}
 40651 | Swamp:4  | Reached skill level 19 in Fighting
 40822 | Swamp:3  | Reached XP level 19. HP: 142/166 MP: 15/19
 41070 | Swamp:4  | Noticed the 27-headed Lernaean hydra
 41502 | Swamp:4  | Killed the 26-headed Lernaean hydra
 41513 | Swamp:4  | Got a decaying rune of Zot
 42133 | Vaults:1 | Entered Level 1 of the Vaults
 42562 | Vaults:1 | Identified the +0 helmet "Xatidab" {rN+ Int+6}
 43655 | Vaults:2 | Found a staircase to the Crypt.
 43655 | Vaults:2 | Found a basalt altar of Yredelemnul.
 43656 | Vaults:2 | Found an ancient bone altar of Kikubaaqudgha.
 43701 | Vaults:2 | Found a white marble altar of Elyvilon.
 43774 | Vaults:2 | Found a roughly hewn altar of Beogh.
 43813 | Vaults:2 | Reached skill level 20 in Fighting
 44931 | Vaults:3 | Reached XP level 20. HP: 169/176 MP: 20/20
 46453 | Vaults:4 | Identified the +1 chain mail of Prudence {*Corrode Will+
                  | Str+3}
 47616 | Vaults:4 | Reached XP level 21. HP: 137/183 MP: 16/21
 48025 | Vaults:4 | Got the Octavo of Viperous Nephomancy
 48468 | Depths:1 | Entered Level 1 of the Depths
 49356 | Depths:1 | Found a corrupted altar of Lugonu.
 49418 | Depths:1 | Found a gateway to Hell.
 49628 | Depths:2 | Found the +3 giant club "Skullcrusher" {speed, Str+7}
 49669 | Depths:2 | Found a runed translucent door.
 49672 | Depths:2 | Found a runed translucent door.
 49720 | Depths:2 | Found an ornate altar of the Wu Jian Council.
 49744 | Depths:2 | Noticed Kushrenon's ghost (master DsHW)
 50249 | Depths:3 | Noticed Parghit
 50523 | Depths:2 | Found a one-way gate leading to the halls of Pandemonium.
 50660 | Depths:2 | Found Big Baal Hell's Store.
 50684 | Depths:2 | Bought 10 scrolls of teleportation for 1980 gold pieces
 51010 | Depths:2 | Noticed an ancient lich
 51200 | Depths:3 | Reached skill level 21 in Fighting
 51366 | Depths:3 | Killed Parghit
 51427 | Depths:3 | Found a one-way gate to the infinite horrors of the Abyss.
 51646 | Depths:3 | Reached XP level 22. HP: 130/194 MP: 13/22
 51648 | Depths:3 | Noticed Mennas
 51950 | Depths:3 | Killed Mennas
 52268 | Depths:3 | Noticed Mara
 52287 | Depths:3 | Killed Mara
 52432 | Depths:3 | Noticed a golden dragon
 52447 | Depths:3 | Killed a golden dragon
 52893 | Depths:4 | Entered Level 4 of the Depths
 52893 | Depths:4 | Noticed Margery
 52903 | Depths:3 | Killed Margery
 53247 | Depths:4 | Reached skill level 15 in Evocations
 53788 | Depths:4 | Found a one-way gateway to a ziggurat.
 53791 | Depths:4 | Identified the ring "Kopt" {Fly rElec rN+ Int-4 Slay+3}
 53817 | Depths:4 | Noticed Jefa's ghost (veteran MiFE)
 53873 | Depths:4 | Found a runed translucent gate.
 53874 | Depths:4 | Found a runed translucent gate.
 53875 | Depths:4 | Found a runed translucent gate.
 54047 | Depths:4 | Found a gate to the Realm of Zot.
 54247 | Depths:4 | Noticed a caustic shrike
 54247 | Depths:4 | Noticed a caustic shrike
 54251 | Depths:4 | Killed a caustic shrike
 54254 | Depths:4 | Killed a caustic shrike
 54601 | Elf:1    | Entered Level 1 of the Elven Halls
 54617 | Elf:1    | Reached skill level 22 in Fighting
 55054 | Elf:1    | Paralysed by an air elemental for 1 turns
 55545 | Elf:2    | Paralysed by an air elemental for 1 turns
 55758 | Elf:2    | Found a huge runed translucent gate.
 55759 | Elf:2    | Found a huge runed translucent gate.
 55764 | Elf:2    | Found a huge runed translucent gate.
 55765 | Elf:2    | Found a huge runed translucent gate.
 55765 | Elf:2    | Found a huge runed translucent gate.
 55879 | Elf:2    | Paralysed by an air elemental for 1 turns
 55957 | Elf:2    | Reached XP level 23. HP: 203/203 MP: 23/23
 56478 | Elf:3    | Entered Level 3 of the Elven Halls
 56675 | Elf:3    | Found Dyrozxat's Magic Scroll Emporium.
 56682 | Elf:3    | Bought a scroll of teleportation for 30 gold pieces
 56682 | Elf:3    | Bought a scroll of fear for 40 gold pieces
 56727 | Elf:3    | Identified the +1 dagger of Equivalence {freeze, Int+2}
 57102 | Elf:3    | Identified the staff of Notoaneu {rC+ rN++ Stlth- Earth}
 57111 | Elf:3    | Identified the +6 scale mail "Opemibu" {^Drain rPois Will+
                  | Str+4}
 57129 | Elf:3    | Identified the +2 halberd "Yrghih" {elec, Will- Str+3 Int+8
                  | Stlth+}
 57132 | Elf:3    | Identified the ring of Ytosij {rCorr Str+4 Int+3 Dex-4
                  | SInv}
 57133 | Elf:3    | Identified the +3 chain mail of Calculation {Int-4 Dex+7}
 57195 | Elf:3    | Identified the +1 sling of Irhu Ciz {freeze, *Slow +Blink
                  | Int+3}
 57196 | Elf:3    | Identified the +5 whip of Gupaj {spect, rPois rCorr Int+2}
 57223 | Elf:3    | Identified the +1 robe of the Armoured One {+Inv}
 57244 | Elf:3    | Got Neanuol's Directory of the Jaunt and Ignition
 57304 | Elf:3    | Identified the ring of the Modern God {rC- Will+ Str+7}
 57305 | Elf:3    | Identified the +0 robe of the Arcane {rN+}
 57308 | Elf:3    | Identified the +2 dagger "Doffefre" {holy, rElec rPois
                  | Int-3}
 57984 | Orc:2    | Bought a scroll of enchant armour for 97 gold pieces
 59119 | Slime:1  | Entered Level 1 of the Pits of Slime
 59233 | Slime:1  | Gained mutation: Your mind is acute. (Int +4, Str/Dex -1)
                  | [a shining eye]
 59568 | Slime:2  | Gained mutation: You occasionally lose the ability to drink
                  | potions when taking damage. [a shining eye]
 59568 | Slime:2  | Gained mutation: Your spells are a little harder to cast,
                  | but a little more powerful. [a shining eye]
 60390 | Slime:3  | Gained mutation: You occasionally shout uncontrollably at
                  | your foes. [a shining eye]
 60392 | Slime:3  | Gained mutation: You are partially covered in iridescent
                  | scales. (AC +2) [a shining eye]
 60521 | Slime:4  | Reached skill level 15 in Armour
 60535 | Slime:4  | Gained mutation: Your body sometimes deteriorates upon
                  | taking damage. [a shining eye]
 60872 | Slime:4  | Lost mutation: You occasionally shout uncontrollably at
                  | your foes. [potion of mutation]
 60872 | Slime:4  | Lost mutation: Your mind is acute. (Int +4, Str/Dex -1)
                  | [potion of mutation]
 60872 | Slime:4  | Lost mutation: You occasionally lose the ability to drink
                  | potions when taking damage. [potion of mutation]
 60872 | Slime:4  | Gained mutation: You have a pair of small horns on your
                  | head. [potion of mutation]
 60872 | Slime:4  | Gained mutation: You sometimes lose your temper in combat.
                  | [potion of mutation]
 60872 | Slime:4  | Gained mutation: Your flesh is cold resistant. (rC+)
                  | [potion of mutation]
 60873 | Slime:4  | Lost mutation: You sometimes lose your temper in combat.
                  | [potion of mutation]
 60873 | Slime:4  | Lost mutation: Your body sometimes deteriorates upon taking
                  | damage. [potion of mutation]
 60873 | Slime:4  | Lost mutation: Your spells are a little harder to cast, but
                  | a little more powerful. [potion of mutation]
 60873 | Slime:4  | Gained mutation: Your body sometimes deteriorates upon
                  | taking damage. [potion of mutation]
 60874 | Slime:4  | Lost mutation: Your body sometimes deteriorates upon taking
                  | damage. [potion of mutation]
 60874 | Slime:4  | Lost mutation: Your flesh is cold resistant. (rC+) [potion
                  | of mutation]
 60874 | Slime:4  | Gained mutation: You occasionally shout uncontrollably at
                  | your foes. [potion of mutation]
 60874 | Slime:4  | Gained mutation: Your flesh is cold resistant. (rC+)
                  | [potion of mutation]
 60874 | Slime:4  | Gained mutation: Your natural rate of healing is unusually
                  | fast. [potion of mutation]
 60874 | Slime:4  | Gained mutation: You are strong-willed. (Will+) [potion of
                  | mutation]
 61079 | Slime:5  | Entered Level 5 of the Pits of Slime
 61314 | Slime:5  | Gained mutation: You are weak. (Str -2) [a shining eye]
 61316 | Slime:5  | Gained mutation: You occasionally lose the ability to drink
                  | potions when taking damage. [a shining eye]
 61327 | Slime:5  | Reached XP level 24. HP: 210/212 MP: 23/23
 61422 | Slime:5  | Noticed the Royal Jelly
 61422 | Slime:5  | Noticed Dissolution
 61660 | Slime:5  | Killed the Royal Jelly
 61779 | Slime:5  | Killed Dissolution
 61963 | Slime:5  | Identified the +3 quick blade of Fee Simple {holy, ^Drain
                  | +Blink rCorr Str+5}
 61971 | Slime:5  | Identified the ring of Mihum {rN+ Int+3}
 61981 | Slime:5  | Got Vowiof's Enchiridion on Conjuration
 62001 | Slime:5  | Found the +4 consecrated labrys {holy, Valiant ^Fragile Fly
                  | SInv}
 62028 | Slime:5  | Got a slimy rune of Zot
 63466 | D:5      | Killed CumLord's ghost
 64075 | Abyss:2  | Cast into level 2 of the Abyss (+0 scimitar of distortion)
 64124 | Abyss:2  | Reached skill level 23 in Fighting
 64316 | Abyss:2  | Found a corrupted altar of Lugonu.
 64378 | Elf:2    | Escaped the Abyss
 64522 | Elf:2    | Identified the blade talisman of the Singing Gods {Dex+2}
 65179 | Depths:2 | Bought the ring of Qiuppes {Will+ SInv} for 2389 gold
                  | pieces
 65731 | Vaults:5 | Entered Level 5 of the Vaults
 65732 | Vaults:5 | Noticed Xtahua
 65735 | Vaults:5 | Noticed an ancient lich
 65793 | Vaults:5 | Noticed Bai Suzhen
 65851 | Vaults:4 | Killed Bai Suzhen
 66129 | Vaults:4 | HP: 6/215 [Xtahua/searing blast (15)]
 66138 | Vaults:4 | Killed Xtahua
 66257 | Vaults:4 | Lost mutation: You are weak. (Str -2) [potion of mutation]
 66257 | Vaults:4 | Lost mutation: You occasionally lose the ability to drink
                  | potions when taking damage. [potion of mutation]
 66257 | Vaults:4 | Gained mutation: You are frail. (-10% HP) [potion of
                  | mutation]
 66257 | Vaults:4 | Lost mutation: You have a pair of small horns on your head.
                  | [potion of mutation]
 66258 | Vaults:4 | Lost mutation: You occasionally shout uncontrollably at
                  | your foes. [potion of mutation]
 66258 | Vaults:4 | Lost mutation: Your natural rate of healing is unusually
                  | fast. [potion of mutation]
 66258 | Vaults:4 | Gained mutation: You occasionally lose the ability to read
                  | scrolls when taking damage. [potion of mutation]
 66258 | Vaults:4 | Gained mutation: Your muscles are strong. (Str +4, Int/Dex
                  | -1) [potion of mutation]
 66258 | Vaults:4 | Gained mutation: You are somewhat resistant to further
                  | mutation. [potion of mutation]
 66267 | Vaults:4 | Killed an ancient lich
 66364 | Vaults:5 | Identified the +2 robe of the Valley of Death {rF+}
 66364 | Vaults:5 | Noticed Boris
 66374 | Vaults:5 | Noticed an ancient lich
 66374 | Vaults:5 | Killed Boris
 66379 | Vaults:5 | Killed an ancient lich
 66380 | Vaults:5 | Reached XP level 25. HP: 158/200 MP: 23/23
 66403 | Vaults:5 | Identified the orb of the First Brambles {light, Harm rN+
                  | Str-4 Tloc}
 66403 | Vaults:5 | Noticed Frederick
 66408 | Vaults:5 | Killed Frederick
 66409 | Vaults:5 | Reached skill level 24 in Fighting
 67544 | Vaults:5 | Identified the +5 long sword of Uskayaw's Whim {flame, rF+
                  | rN+ Stlth+}
 67544 | Vaults:5 | Identified the +1 leather armour "Wuesifoi" {Int+2}
 67619 | Vaults:5 | Noticed a dread lich
 67641 | Vaults:5 | Killed a dread lich
 67849 | Vaults:5 | Identified the +6 dire flail "Trog's Fury" {spect, ^Fragile
                  | rElec rN+ Str+3}
 67858 | Vaults:5 | Got the Thoughts on Torrid Necromantic Magicks
 68033 | Vaults:5 | Identified the +0 scale mail "Icrois" {*Slow rPois Int+9
                  | Dex-2}
 68140 | Vaults:5 | Got a silver rune of Zot
 68335 | Vaults:5 | Noticed a dread lich
 68339 | Vaults:5 | Killed a dread lich
 68699 | Depths:1 | Lost mutation: You are frail. (-10% HP) [potion of
                  | mutation]
 68699 | Depths:1 | Lost mutation: You occasionally lose the ability to read
                  | scrolls when taking damage. [potion of mutation]
 68699 | Depths:1 | Lost mutation: You are partially covered in iridescent
                  | scales. (AC +2) [potion of mutation]
 68699 | Depths:1 | Gained mutation: Your body sometimes deteriorates upon
                  | taking damage. [potion of mutation]
 68783 | Zot:1    | Entered Level 1 of the Realm of Zot
 69646 | Zot:1    | Identified the +4 rapier of Plague {antimagic, rElec rC+++
                  | rCorr Int-5}
 69864 | Zot:1    | Got the Compendium of Translocated Forces
 69946 | Zot:1    | Reached skill level 25 in Fighting
 70965 | Zot:2    | Reached XP level 26. HP: 216/235 MP: 23/23
 70984 | Zot:2    | HP: 11/236 [spark wasp[a protean progenitor] (30)]
 70984 | Zot:2    | Slain by a storm dragon

Illustrated notes

Levels and vault maps discovered:
D:1:      lightli_arrival_statuegarden, layout_loops_ring
D:2:      layout_basic, minmay_hexomino_c4, uniq_natasha
D:3:      mumra_celtic_spiral_tile, layout_basic,
          shapermc_ecumenical_altar_ellora
D:4:      layout_basic
D:5:      layout_basic, nicolae_ru_great_annihilating_truth,
          ebering_ghost_disaster_area, dreamdust_princess_bridge
D:6:      layout_loops_corners, minmay_temple_entry_nine_rooms,
          gup_sewer_entry_bowl, nicolae_shop_i_like_small_books_too
D:7:      layout_loops_corners, kennysheep_cross_room
D:8:      kennysheep_big_flooded_room, layout_loops_corners, lair_entry_dummy
D:9:      layout_basic, enter_bailey_5
D:10:     layout_gridville, amcnicky_altar_gilded, special_room
          [special_room_bee], ebering_ghost_inner_flame, uniq_lodul,
          uniq_erolcha, uniq_snorg
D:11:     layout_loops_ring, minmay_misc_feat_plants, kiku_gazebo_garden_becter
D:12:     layout_irregular_city, orc_0_dummy
D:13:     layout_grid_maze, david_vaults_2, serial_shops,
          nicolae_shop_tiny_statue_garden, uniq_nessos
D:14:     due_megacathedral, layout_irregular_city, hangedman_decor_riveting,
          eino_tiny_chamber, fountainhead
D:15:     grunt_enter_depths_hoard, layout_loops_ring, kennysheep_pointless_box,
          yredelemnul_forgotten_temple_becter, uniq_jorgrun
Temple:   mainiacjoe_temple_cubbyholes
Lair:1:   layout_cave_pods, chequers_serial_rivers_small_b, uniq_amaemon
Lair:2:   layout_gridlike, uniq_gastronok
Lair:3:   layout_roguey, alex1729_swamp_entry_worm_eleionoma,
          nicolae_spider_entry_lesser_pyramids, grunt_megastairs_1,
          lemuel_fruit_fields, serial_bayou_shore_a, lemuel_fruit_fields
Lair:4:   layout_regular_city, minmay_slime_entry_oklob_open,
          gauntlet_entry_generic, st_stairs_10
Lair:5:   minmay_lair_end_frog_pond, layout_long_grid, nicolae_lair_lindhole
Swamp:1:  layout_basic_swamp, serial_swamp_ruin, evilmike_swamp_ruin_house_5,
          evilmike_swamp_ruin_house_4, evilmike_swamp_ruin_house_2,
          nicolae_swamp_well_well_well, nicolae_swamp_necromancer_hut
Swamp:2:  layout_basic_swamp, ebering_ghost_rock_garden,
          infiniplex_staircase_pool_2, tekkud_bubbles_buried_in_this_jungle
Swamp:3:  layout_falls_marsh, evilmike_swamp_ruin_wall, swamp_pool_1_2,
          nicolae_swamp_snake_nest
Swamp:4:  grunt_swamp_rune_castle, layout_basic_swamp,
          portal_ice_cave_entry_pillars_four, nzn_swamp_dancing_lights
Spider:1: layout_spider_delve, nicolae_spider_bzzzt, uniq_nikola
Spider:2: layout_spider_delve, hangedman_stitches_earthworm
Spider:3: layout_chambers, hangedman_spider_tarantella_strand, uniq_agnes
Spider:4: hellmonk_spider_rune_bug_friends, nicolae_spider_checkerboard
Slime:1:  layout_caves
Slime:2:  layout_caves
Slime:3:  layout_caves
Slime:4:  layout_caves
Slime:5:  slime_pit_nicolae_royal_road_to_ruin, uniq_dissolution
Orc:1:    layout_caves, basic_altar
Orc:2:    st_orc_congregation, layout_caves, minmay_orc_keep
Elf:1:    layout_loops_corners, nicolae_elf_shapeshifter_party, drop_trap
Elf:2:    elven_hall_of_blades_hangedman_alternative
          [nicolae_vaults_blade_armed_guards], layout_loops_corners,
          small_statue_intersection
Elf:3:    grunt_elf_hall_spiral, layout_onion_city, serial_shops, shop
Vaults:1: vaults_room_corners, nicolae_vaults_little_squares_1,
          hangedman_vaults_restitches, nicolae_vaults_tetromino_Z_1,
          nicolae_vaults_shelves_hall, nicolae_vaults_tangram_2,
          vaults_room_grid, nicolae_vaults_closet_pinwheel_6,
          nicolae_vaults_stepped_doors, layout_vaults_omnibox
Vaults:2: special_room_vaults [special_room_orc], grunt_vaults_focal, v_misc_23,
          nicolae_vaults_surprise_closet, minmay_crypt_entry_necro_gods,
          vaults_room_door_ring, lemuel_angel_altar,
          vaults_mumra_minichess_inversion, v_misc_11,
          nicolae_vaults_trapezoid_1, nicolae_vaults_rhombus_5,
          layout_vaults_big_room
Vaults:3: nicolae_vaults_steering_wheel, nicolae_vaults_more_shelving_2,
          nicolae_vaults_oval_intersection, v_misc_30, hangedman_vaults_hat,
          v_misc_33, hangedman_vaults_corner_blocks, hangedman_vaults_locks,
          nicolae_vaults_specimen_jars, nicolae_vaults_statue_guard,
          vaults_mumra_lcd, nicolae_vaults_diagonal_hallway_7,
          nicolae_vaults_little_squares_1, layout_vaults_maze_bifur
Vaults:4: ontoclasm_vaults_ligature, v_misc_23, vaults_mumra_chevron_long,
          nicolae_vaults_sesquioval_fish, nicolae_vaults_closet_pinwheel_1,
          nicolae_vaults_ring_of_whatevers, hangedman_vaults_unwind,
          nicolae_vaults_trapezoid_layered, nicolae_vaults_closet_pinwheel_1,
          nicolae_vaults_sesquioval_fish, v_misc_1, st_smaller_cells,
          vaults_room_door_ring, nicolae_vaults_trapezoid_1,
          nicolae_vaults_trapezoid_lopsided_3, layout_vaults_ring
Vaults:5: uniq_bai_suzhen, uniq_boris, uniq_xtahua, uniq_frederick
Depths:1: layout_basic, hangedman_coc_ice_floe, minmay_holes, tgw_lugonu_bribe
Depths:2: minmay_angry_zag, layout_cave_pools, grunt_pan_entry_spiral,
          nicolae_hell_entry_big_baal_hell, muffindrake_ghost_dual_entry,
          nzn_wu_jian_council_hall
Depths:3: minmay_stepped, layout_basic, minmay_misc_feat_rows,
          hangedman_geh_valley, grunt_pan_entry_zigzag, abyss_entry_glasseish,
          minmay_tree_intersection, uniq_parghit, uniq_mennas, uniq_mara
Depths:4: evilmike_zot_entry_basic, layout_cave_pools, enter_ziggurat_e,
          hellmonk_ghost_time_enough, grunt_hell_entry_dis_mu,
          minmay_misc_feat_cross, uniq_margery
Zot:1:    layout_onion, regret_index_zotdec_carving_tricks, grunt_megastairs_5
Zot:2:    kennysheep_ambush_hall, layout_concentric_octagons

Skill      XL: |  1  2  3  4  5  6  7  8  9 10 11 12 13 14 15 16 17 18 19 20 21 22 23 24 25 |
---------------+----------------------------------------------------------------------------+-----
Fighting       | 3 4 5 6 9 10 11 12 14 15 17 19 20 21 22 23 25 | 25.4
Long Blades    | 4 6 8 10 12 13 14 16 19 22 | 22.0
Armour         | 3 5 6 8 10 11 15 | 15.0
Dodging        | 4 5 7 10 12 13 15 17 18 20 21 23 | 23.2
Evocations     | 4 7 9 10 13 15 | 15.0
Throwing       | |  1.7

Action                     |  1- 3 |  4- 6 |  7- 9 | 10-12 | 13-15 | 16-18 | 19-21 | 22-24 | 25-27 || total
---------------------------+-------+-------+-------+-------+-------+-------+-------+-------+-------++-------
  Melee: Long sword        |    39 |   109 |   235 |   532 |   843 |    72 |       |   456 |       ||  2286
         Mace              |    39 |    43 |       |       |       |       |       |       |       ||    82
         Hand axe          |       |    65 |   158 |       |       |       |       |       |       ||   223
         Falchion          |       |       |    56 |   505 |   178 |       |       |       |       ||   739
         Dagger            |       |       |     1 |       |       |       |       |       |       ||     1
         Scimitar          |       |       |       |       |   695 |  1039 |  1047 |   686 |   390 ||  3857
         Demon blade       |       |       |       |       |       |   967 |  1037 |    27 |       ||  2031
         Eudemon blade     |       |       |       |       |       |       |       |  1136 |   392 ||  1528
         Headbutt          |       |       |       |       |       |       |       |   154 |       ||   154
  Throw: Dart              |       |       |     6 |    13 |     7 |       |       |       |       ||    26
         Boomerang         |       |       |       |    19 |       |       |       |       |       ||    19
         Javelin           |       |       |       |       |    18 |     3 |       |       |       ||    21
         Throwing net      |       |       |       |       |     1 |       |     1 |       |       ||     2
 Invoke: Serpent's Lash    |       |       |       |       |     4 |     6 |     1 |     3 |       ||    14
         Heavenly Storm    |       |       |       |       |     2 |     5 |     3 |     5 |     2 ||    17
Ability: Lunge             |       |       |     7 |    33 |    70 |    73 |    84 |   120 |    45 ||   432
         Whirlwind         |       |       |       |    71 |   162 |   340 |   273 |   358 |   124 ||  1328
         Wall Jump         |       |       |       |       |     2 |     8 |     5 |     2 |       ||    17
  Evoke: Wand              |       |       |       |     6 |     6 |    20 |    13 |     2 |       ||    47
         Phial of floods   |       |       |       |       |     2 |     1 |     1 |     1 |       ||     5
         Lightning rod     |       |       |       |       |       |     1 |     3 |       |       ||     4
         Sack of spiders   |       |       |       |       |       |     1 |     2 |     2 |     1 ||     6
         Phantom mirror    |       |       |       |       |       |     1 |     1 |     1 |       ||     3
    Use: Scroll            |       |     1 |     4 |    11 |    26 |    11 |     6 |    13 |       ||    72
         Potion            |       |       |       |     2 |    13 |     2 |     5 |    15 |     3 ||    40
   Stab: Sleeping          |     2 |     4 |     3 |     5 |     6 |       |       |       |       ||    20
         Paralysed         |       |       |     2 |       |       |       |       |       |       ||     2
         Distracted        |       |       |     1 |     1 |    13 |    19 |    26 |    15 |     8 ||    83
         Invisible         |       |       |       |     3 |     8 |       |       |     3 |       ||    14
         Held in net/web   |       |       |       |       |       |       |     5 |       |       ||     5
         Confused          |       |       |       |       |       |       |       |     1 |       ||     1
 Armour: Leather armour    |    29 |   101 |   146 |   201 |   167 |       |       |       |       ||   644
         Skin              |       |       |       |    39 |       |       |       |       |       ||    39
         Troll leather arm |       |       |       |       |   262 |     4 |       |       |       ||   266
         Fire dragon scale |       |       |       |       |       |   572 |   547 |       |       ||  1119
         Ice dragon scales |       |       |       |       |       |    21 |       |       |       ||    21
         Gold dragon scale |       |       |       |       |       |       |     9 |  1112 |   262 ||  1383
  Dodge: Dodged            |    26 |    88 |   158 |   325 |  1092 |   770 |   607 |   378 |   152 ||  3596

Table legend: (Time is in decaauts)
 A = Elapsed time spent in this place.
 B = Non-inter-level travel time spent in this place.
 C = Inter-level travel time spent in this place.
 D = Time resting spent in this place.
 E = Time spent auto-exploring this place.
 F = Levels seen in this place.
 G = Mean time per level.
                   A        B        C        D        E       F      G
               +--------+--------+--------+--------+--------+-----+--------+
         Total |  71409 |  59799 |  11610 |  12933 |  35404 |  54 | 1322.4 |
       Dungeon |  22446 |  17119 |   5327 |   2504 |  11573 |  15 | 1496.4 |
        Temple |     89 |      5 |     84 |      0 |      0 |   1 |   89.0 |
          Lair |   8310 |   6696 |   1614 |   1735 |   3878 |   5 | 1662.0 |
         Swamp |   4757 |   4486 |    271 |   1516 |   2150 |   4 | 1189.2 |
   Spider Nest |   4331 |   3659 |    672 |    643 |   2136 |   4 | 1082.8 |
    Slime Pits |   3255 |   2854 |    401 |    414 |   1842 |   5 |  651.0 |
  Orcish Mines |   2741 |   2273 |    468 |    909 |    833 |   2 | 1370.5 |
   Elven Halls |   4372 |   3630 |    742 |    346 |   2543 |   3 | 1457.3 |
        Vaults |   9717 |   8308 |   1409 |   1762 |   5112 |   5 | 1943.4 |
        Depths |   5925 |   5339 |    586 |   1758 |   2495 |   4 | 1481.2 |
           Zot |   2187 |   2155 |     32 |    571 |   1307 |   2 | 1093.5 |
         Abyss |    308 |    308 |      0 |      0 |    129 |   1 |  308.0 |
         Sewer |    840 |    840 |      0 |      0 |    623 |   1 |  840.0 |
        Bailey |    557 |    557 |      0 |    159 |    179 |   1 |  557.0 |
      Ice Cave |   1570 |   1570 |      0 |    614 |    601 |   1 | 1570.0 |
               +--------+--------+--------+--------+--------+-----+--------+

Top non-repeatable levels by time:
Vaults:4: 2905 daAuts
Depths:3: 2534 daAuts
    D:13: 2272 daAuts
Vaults:5: 2226 daAuts
  Lair:5: 2144 daAuts
  Lair:4: 2135 daAuts
    D:12: 2115 daAuts
    D:10: 2097 daAuts
     D:8: 2030 daAuts
   Elf:2: 1933 daAuts
Vaults:3: 1828 daAuts
     D:6: 1694 daAuts
   Zot:1: 1692 daAuts
    D:15: 1683 daAuts
Spider:3: 1607 daAuts
